 Dungeon Crawl Stone Soup version 0.30.1-4-g462c640d31 (webtiles) character file.

Game seed: 7725387646604747492

3369 Kurtz the Cleaver (level 10, -2/60 HPs)
             Began as a Tengu Fighter on Sept 18, 2023.
             Slain by a spriggan
             ... wielding a +0 spear
              (12 damage)
             ... in a bailey.
             The game lasted 00:11:56 (6193 turns).

Kurtz the Cleaver (Tengu Fighter)                   Turns: 6193, Time: 00:11:57

Health: -2/60      AC:  9    Str: 20    XL:     10   Next: 3%
Magic:  11/11      EV: 10    Int:  9    God:
Gold:   315        SH:  0    Dex: 14    Spells: 9/9 levels left

rFire   . . .        a - +0 war axe
rCold   + . .        c - +0 buckler
rNeg    . . .        w - +0 chain mail {Will+}
rPois   .            (helmet restricted)
rElec   .            (no cloak)
rCorr   .            (no gloves)
SInv    .            (boots unavailable)
Will    ++...        (no amulet) Stlth
                     o - ring of protection from cold
HPRegen 0.30/turn    v - ring of willpower
MPRegen 0.12/turn

%: no passive effects
@: confused, ambrosia-drunk, flying quickly and evasively, quick
A: beak, talons 3, nimble flight
a: no special abilities


You were in a bailey.
You visited 1 branch of the dungeon, and saw 7 of its levels.
You also visited: Sewer and Bailey.

You collected 315 gold pieces.

Inventory:

Hand Weapons
 a - a +0 war axe (weapon)
 u - the +7 Throatcutter {drain, coup de grace}
   (You took it off Terence on level 3 of the Dungeon)
Missiles
 q - 21 poisoned darts (quivered)
 t - a curare-tipped dart
Armour
 b - a +0 scale mail
 c - a +0 buckler (worn)
 w - a +0 chain mail of willpower (worn)
Jewellery
 l - a ring of magical power
 o - a ring of protection from cold (left hand)
 v - a ring of willpower (right hand)
 D - a ring of ice
 E - a ring of poison resistance
Wands
 p - a wand of flame (4)
Scrolls
 e - a scroll of butterflies {unknown}
 f - 6 scrolls of teleportation
 h - 2 scrolls of magic mapping
 i - 3 scrolls of blinking {unknown}
 k - 3 scrolls of enchant weapon {unknown}
 m - a scroll of vulnerability {unknown}
 y - 3 scrolls of amnesia {unknown}
 z - a scroll of noise {unknown}
 C - a scroll of fog {unknown}
 F - a scroll of brand weapon {unknown}
Potions
 g - 7 potions of curing
 j - 4 potions of brilliance
 n - 2 potions of mutation
 s - 3 potions of magic
 x - a potion of attraction
 A - a potion of might
 B - a potion of resistance {unknown}
 G - a potion of lignification {unknown}


   Skills:
 - Level 6.0 Fighting
 * Level 13.5 Axes
 - Level 3.2 Armour
 - Level 3.7 Dodging
 - Level 3.0 Shields


You had 9 spell levels left.
You didn't know any spells.
Your spell library contained the following spells:

 Spells                   Type           Power      Damage    Failure   Level
 Blink                    Tloc           0%         N/A       99%         2
 Ensorcelled Hibernation  Hex/Ice        0%         N/A       99%         2
 Passwall                 Tmut/Erth      0%         N/A       99%         2
 Portal Projectile        Hex/Tloc       0%         N/A       100%        3
 Swiftness                Air            0%         N/A       100%        3
 Tukima's Dance           Hex            0%         N/A       100%        3
 Manifold Assault         Tloc           0%         N/A       100%        4
 Blade Hands              Tmut           0%         N/A       100%        5
 Storm Form               Tmut/Air       0%         N/A       100%        7
 Borgnjor's Revivificati  Necr           0%         N/A       100%        8
 Necromutation            Tmut/Necr      0%         N/A       100%        8
 Death's Door             Necr           0%         N/A       100%        9


Dungeon Overview and Level Annotations

Branches:
Dungeon (7/15)             Temple (0/1) D:7           Sewer (visited)
 Bailey (1/1)

Altars:
Fedhas
Makhleb
Qazlal
Uskayaw
Wu Jian
Zin


Innate Abilities, Weirdness & Mutations

You have a beak for a mouth.
You have claws for feet.
Your magical nature lets you fly swiftly and evasively.


Message History

Press: ? - help, Shift-Dir - straight line, f/p - spriggan
Aim: a spriggan, wielding a +0 trident (lightly wounded, 39% to hit)
The puff of flame misses the spriggan.
You block the spriggan's attack. You block the spriggan's attack.
The spriggan hits you with a +0 trident!
* * * LOW HITPOINT WARNING * * *
You slash the spriggan! Your kick misses the spriggan.
The spriggan is severely wounded.
A spriggan comes into view. It is wielding a +0 spear.
The spriggan hits you but does no damage.
You slice the spriggan!!
You kill the spriggan!
You have reached level 10!
You are confused.
You feel invigorated.
An ogre comes into view. It is wielding a +0 halberd.
The spriggan hits you with a +0 spear!
* * * LOW HITPOINT WARNING * * *
You miss the spriggan. Your kick misses the spriggan.
The spriggan completely misses you.
The spriggan hits you but does no damage.
Things that are here:
a +0 trident; a +0 glaive; an ogre corpse The spriggan misses you.
The ogre barely misses you. The spriggan closely misses you.
Things that are here:
a +0 trident; a +0 glaive; an ogre corpse The spriggan hits you from afar with a +0 spear!
The ogre hits you with a +0 halberd! The spriggan closely misses you.
The ogre barely misses you. The spriggan closely misses you.
You feel less invigorated.
You feel less confused.
The spriggan hits you from afar with a +0 spear!
* * * LOW HITPOINT WARNING * * *
You are confused.
You feel invigorated.
The ogre hits you from afar with a +0 halberd!
* * * LOW HITPOINT WARNING * * *
The spriggan hits you from afar with a +0 spear!
You die...

##.(## #..#
##..♣♣#####..#
##.........#
##.......#
##~~~~~##
#~))~~#
###))~~~###
##...O.)...##
##..@.i....).##
#....∩...∩....#
##...........##
##.........##
###.....###
#######


You could see an ogre and a spriggan.

Vanquished Creatures
  3 spriggans (Bailey)
  Sigmund (D:3)
  A steam dragon (D:6)
  Duvessa (D:5)
  A sky beast (D:6)
  An orc warrior (D:6)
  5 ogres (Bailey)
  A black bear (D:4)
  An ice beast (D:5)
  6 kobold brigands (Sewer)
  A bullfrog (D:7)
  4 scorpions
  3 wights (D:6)
  Dowan (D:5)
  A jelly (D:5)
  2 hounds
  2 orc priests
  Jessica (D:3)
  Terence (D:3)
  5 iguanas
  Natasha (thrice) (D:3)
  2 orc wizards
  Robin (D:3)
  5 gnolls
  13 adders
  2 river rats (Sewer)
  A shadow imp (D:5)
  3 ufetubi
  7 worms
  16 orcs
  7 endoplasms
  4 giant cockroaches
  19 goblins
  7 hobgoblins
  9 jackals
  14 kobolds
  11 quokkas
  4 ball pythons
  7 bats
  4 frilled lizards
  7 rats
188 creatures vanquished.

Notes
Turn   | Place    | Note
-------+----------+-------------------------------------------
     0 | D:1      | Kurtz the Tengu Fighter began the quest for the Orb.
     0 | D:1      | Reached XP level 1. HP: 14/14 MP: 2/2
   213 | D:1      | Reached XP level 2. HP: 15/19 MP: 3/3
   433 | D:1      | Reached XP level 3. HP: 23/23 MP: 4/4
   443 | D:1      | Reached skill level 1 in Dodging
   904 | D:2      | Reached skill level 3 in Axes
  1279 | D:2      | Reached XP level 4. HP: 25/29 MP: 5/5
  1587 | D:3      | Noticed Jessica
  1592 | D:3      | Killed Jessica
  1662 | D:3      | Noticed Sigmund
  1670 | D:3      | Killed Sigmund
  1671 | D:3      | Reached skill level 5 in Axes
  1671 | D:3      | Gained mutation: Your magical nature lets you fly swiftly
                  | and evasively. [Tengu growth]
  1671 | D:3      | Reached XP level 5. HP: 9/34 MP: 6/6
  1671 | D:3      | Reached XP level 6. HP: 11/39 MP: 7/7
  1751 | D:3      | Found a glowing drain.
  1768 | Sewer    | Entered a sewer
  2137 | Sewer    | Reached skill level 5 in Fighting
  2137 | Sewer    | Reached skill level 6 in Axes
  2137 | Sewer    | Reached XP level 7. HP: 34/44 MP: 8/8
  2502 | Sewer    | Reached skill level 7 in Axes
  2725 | D:3      | Noticed Terence
  2766 | D:3      | Killed Terence
  3134 | D:3      | Noticed Natasha
  3141 | D:3      | Killed Natasha
  3142 | D:3      | Reached XP level 8. HP: 44/50 MP: 9/9
  3287 | D:3      | Noticed Robin
  3307 | D:3      | Noticed Natasha
  3318 | D:3      | Killed Natasha
  3329 | D:3      | Killed Robin
  3408 | D:3      | Noticed Natasha
  3420 | D:3      | Killed Natasha
  3652 | D:4      | Reached skill level 8 in Axes
  4005 | D:4      | Found an ornate altar of the Wu Jian Council.
  4153 | D:5      | Entered Level 5 of the Dungeon
  4158 | D:5      | Noticed Dowan
  4258 | D:5      | Found a stormy altar of Qazlal.
  4498 | D:5      | Reached skill level 9 in Axes
  4599 | D:5      | Noticed Duvessa
  4610 | D:5      | Killed Duvessa
  4617 | D:5      | Killed Dowan
  4618 | D:5      | Reached skill level 10 in Axes
  4622 | D:5      | Reached XP level 9. HP: 53/55 MP: 10/10
  4940 | D:6      | Found a burning altar of Makhleb.
  4943 | D:6      | Found a glowing silver altar of Zin.
  4943 | D:6      | Noticed an angel
  4943 | D:6      | Noticed a balrug
  5161 | D:6      | Reached skill level 11 in Axes
  5363 | D:6      | Found a hide-covered altar of Uskayaw.
  5644 | D:6      | Found a blossoming altar of Fedhas.
  5941 | D:7      | Reached skill level 12 in Axes
  5963 | D:7      | Found a flagged portal.
  5972 | Bailey   | Entered a bailey
  6162 | Bailey   | Reached skill level 13 in Axes
  6177 | Bailey   | Reached XP level 10. HP: 8/60 MP: 11/11
  6193 | Bailey   | Slain by a spriggan

Illustrated notes

Levels and vault maps discovered:
D:1:      dpeg_arrival_radiant, layout_basic
D:2:      layout_loops_ring
D:3:      layout_rooms, gup_sewer_entry_pipe, hex_medium, feat_on_display,
          uniq_terence, uniq_natasha, uniq_robin, uniq_jessica, uniq_sigmund
D:4:      layout_cave_pools, mainiacjoe_overflow_alcove_1,
          grunt_decor_one_mirror
D:5:      layout_basic, mainiacjoe_overflow_small_starburst, uniq_duvessa
D:6:      layout_layer_cave, lemuel_round_altar, kennysheep_mini_moat,
          grunt_temple_overflow_order_and_chaos_2
D:7:      layout_basic, lemuel_temple_firewalk_a, enter_bailey_5, serial_shops,
          shop, chequers_serial_rivers_large_b, uniq_joseph
Bailey:   bailey_polearm_enchanted_keep_hellmonk, bailey

Skill      XL: |  1  2  3  4  5  6  7  8  9 |
---------------+----------------------------+-----
Dodging        | 1 2 3 |  3.7
Axes           | 3 5 6 7 10 13 | 13.5
Fighting       | 4 5 6 |  6.0
Armour         | |  3.2
Shields        | |  3.0

Action                     |  1- 3 |  4- 6 |  7- 9 | 10-12 || total
---------------------------+-------+-------+-------+-------++-------
  Melee: War axe           |    64 |    78 |   324 |     1 ||   467
         Peck              |     5 |    13 |    54 |       ||    72
         Kick              |    10 |    25 |    72 |       ||   107
  Throw: Dart              |       |       |    17 |       ||    17
  Evoke: Wand              |       |       |    16 |       ||    16
    Use: Potion            |       |     1 |     4 |     2 ||     7
         Scroll            |       |     2 |     7 |       ||     9
 Armour: Scale mail        |    23 |    20 |    31 |       ||    74
         Chain mail        |       |       |    81 |     1 ||    82
  Dodge: Dodged            |    30 |    28 |   170 |     7 ||   235
  Block: Buckler           |    12 |     8 |    75 |       ||    95
